AoeStats
← a.l.a.n.t

Nomad

504307728Analyzed
2v2 RM · 27d ago on Sep 4, 2026· 38m 2s· 4 players
Game mode
Random Map
Map size
176×176
Population
200
Speed
Normal
Resources
Standard
Victory
Conquest
Starting age
Dark Age
Ending age
Imperial Age
RankedLock teamsTeams togetherTeam positionsShared explorationLock speedFull tech treeHidden civsTurbo modeCheats
Victory
Defeat
🇬🇧 Italians · United Kingdom
1207
+13
🇮🇶 Inca · Iraq
1145
+16
🇦🇷 Maya · Argentina
1200
-17
🇦🇷 Burmese · Argentina
1083
-12
LyM.Chufri23
4:41 Loom
4:58 Loom
16:17 Feudal Age
20:49 Castle Age
22:20 Gold Mining
22:59 Fletching
23:09 Padded Archer Armor
23:37 Double-Bit Axe
23:51 Bodkin Arrow
27:08 Ballistics
33:10 Imperial Age
31:22 Wheelbarrow
31:27 Bow Saw
33:27 Forging
32:49 Eagle Warrior
34:58 Scale Mail Armor
36:30 Chain Mail Armor
LyM. El Arquitecto
4:46 Loom
18:19 Feudal Age
19:53 Town Watch
20:21 Fishing Lines
20:09 Man-at-Arms
28:52 Horse Collar
32:34 Castle Age
30:42 Scale Mail Armor
30:33 Arson
31:30 Fletching
34:23 Bodkin Arrow
35:23 Wheelbarrow
35:34 Padded Archer Armor
38:30 Forging
a.l.a.n.t
6:54 Loom
14:09 Feudal Age
15:07 Town Watch
18:52 Castle Age
17:29 Fletching
20:04 Wheelbarrow
19:30 Double-Bit Axe
21:58 Bow Saw
25:14 Horse Collar
27:55 Bodkin Arrow
32:43 Imperial Age
32:31 Padded Archer Armor
35:37 Chemistry
34:59 Ballistics
34:57 Bracer
37:00 Leather Archer Armor
38:00 Conscription
39:11 Ring Archer Armor
aryaszahir958
6:09 Loom
15:15 Feudal Age
15:19 Champi Runner
16:20 Double-Bit Axe
16:50 Horse Collar
19:14 Scale Mail Armor
22:22 Forging
26:30 Castle Age
27:06 Champi Warrior
28:19 Fletching
28:30 Padded Archer Armor
29:59 Stone Mining
30:00 Gold Mining
30:11 Heavy Plow
30:21 Bow Saw
30:46 Bodkin Arrow
31:12 Leather Archer Armor
31:57 Elite Skirmisher
38:23 Imperial Age
36:34 Wheelbarrow
Connection lost

Rejoining the realm…

Still unreachable

The connection could not be restored.

Session expired

The server has moved on; the page needs a fresh start.